 Dungeon Crawl Stone Soup version 0.25.1-2-g60ff931df9 (webtiles) character file.

Game seed: 5353053348462570777

5207 hawla the Nimble (level 10, -1/141 HPs)
             Began as a Minotaur Gladiator on Oct 31, 2020.
             Was an Initiate of Gozag.
             Slain by a yak (5 damage)
             ... on level 9 of the Dungeon.
             The game lasted 00:23:07 (10402 turns).

hawla the Nimble (Minotaur Gladiator)              Turns: 10402, Time: 00:23:07

Health: -1/141     AC: 25    Str: 23    XL:     10   Next: 35%
Magic:  9/9        EV:  2    Int:  5    God:    Gozag
Gold:   762        SH:  0    Dex: 15    Spells: 9/9 levels left

rFire    . . .     SeeInvis +   j - +1 scimitar
rCold    . . .     Gourm    .   (no shield)
rNeg     + + +     Faith    .   (armour currently unavailable)
rPois    +         Spirit   .   (helmet currently unavailable)
rElec    .         Reflect  .   (cloak currently unavailable)
rCorr    .         Harm     .   (gloves currently unavailable)
MR       .....     NoTele   +   (boots currently unavailable)
Stlth    ++++......             (no amulet)
HPRegen  0.33/turn              n - ring of see invisible
MPRegen  0.11/turn              H - ring of poison resistance

@: mighty, tree-form, very slightly contaminated, invisible
A: (retaliatory headbutt), thin skeletal structure 2, robust 1
a: Potion Petition, Call Merchant, Bribe Branch, Renounce Religion


You were on level 9 of the Dungeon.
You worshipped Gozag.
Gozag was pleased with you.
You were hungry.
You were a tree.
You visited 2 branches of the dungeon, and saw 10 of its levels.

You collected 1270 gold pieces.
You spent 397 gold pieces at shops.
You paid 111 gold pieces to Gozag.

Inventory:

Hand Weapons
 h - a +0 short sword of protection
 j - a +1 scimitar (weapon)
Missiles
 d - a throwing net
 l - 15 poisoned darts
 o - 18 boomerangs (quivered)
 p - 4 javelins
 z - 6 silver javelins
Armour
 c - a +1 hat (melded)
 D - a +2 robe of cold resistance (melded)
Jewellery
 n - a ring of see invisible (left branch)
 u - an uncursed ring of positive energy
 A - an uncursed ring of flight
 H - a ring of poison resistance (right branch)
Wands
 q - a wand of flame (13)
 t - a wand of acid (8)
 C - a wand of enslavement (8)
 E - a wand of iceblast (7)
Scrolls
 b - 2 scrolls of fear
 k - 2 scrolls of fog
 v - a scroll of remove curse
 w - a scroll of magic mapping
 B - a scroll of enchant armour
Potions
 g - a potion of flight
 i - a potion of cancellation
 r - a potion of curing
 s - 2 potions of haste
 x - a potion of might
Comestibles
 f - 8 rations


   Skills:
 + Level 7.1 Fighting
 + Level 6.1(8.3) Short Blades
 + Level 9.4(10.3) Long Blades
 + Level 3.8 Throwing
 + Level 4.6 Armour
 * Level 9.9 Dodging
 - Level 3.6 Stealth


You had 9 spell levels left.
You didn't know any spells.
Your spell library was empty.

Dungeon Overview and Level Annotations

Branches:
Dungeon (9/15)             Temple (1/1) D:4
   Lair: D:8-11         Orc: D:9-12

Altars:
Ashenzari
Cheibriados
Dithmenos
Elyvilon
Fedhas
Gozag
Hepliaklqana
Kikubaaqudgha
Makhleb
Nemelex Xobeh
Okawaru
Qazlal
Ru
Sif Muna
Trog
Uskayaw
Vehumet
Wu Jian
Xom
Yredelemnul
Zin
Beogh

Shops:
D:4 *   D:5 =   D:6 :


Innate Abilities, Weirdness & Mutations

((You reflexively headbutt those who attack you in melee.))
((You have a pair of horns on your head.))
You have a moderately thin skeletal structure. (Dex +4, Stealth+)
You are robust. (+10% HP)


Message History

You are very lightly contaminated with residual magic.
You feel very mighty all of a sudden. The yak gores you but does no damage.
The orc priest hits you but does no damage.
The orc warrior hits you with a +0 trident.
* * * LOW HITPOINT WARNING * * *
The yak gores you but does no damage. x2; The hungry ghost hits you.
You feel a lot more hungry.
You feel better. The yak gores you!
* * * LOW HITPOINT WARNING * * *
The orc priest mumbles some strange prayers to Beogh against you.
Beogh smites you!
* * * LOW HITPOINT WARNING * * *
The orc warrior hits you with a +0 trident.
* * * LOW HITPOINT WARNING * * *
The yak gores you but does no damage. The hungry ghost hits you.
You are feeling hungry.
The yak gores you.
You die...
Your body crumbles into a pile of gold.

#.##....#.....#
.......#°....#
#...#$$...#
##.###...Y...).+
+.......>....<.#
##.###Y###..(..#
.##.###Y#########
......YoY..#
......Y♣o..#
#......W...#
#..........#
#..........#
#..........#
#..........#
#..........#
#...........
#............


You could see 5 yaks, a hungry ghost, an orc warrior and an orc priest.

Vanquished Creatures
  Pikel (D:6)
  A queen bee (D:8)
  A hornet (D:7)
  A steam dragon (D:8)
  2 insubstantial wisps (D:8)
  Duvessa (D:7)
  2 orc warriors
  An ice beast (D:8)
  5 sky beasts
  2 slaves (D:6)
  A black bear (D:6)
  A necrophage (D:6)
  3 ogres
  2 phantoms
  4 centaurs
  2 bullfrogs
  A water moccasin skeleton (D:6)
  Dowan (D:7)
  4 scorpions
  14 killer bees (D:8)
  5 wights (D:6)
  2 crimson imps
  A centaur zombie (D:8)
  A jelly (D:6)
  A centaur skeleton (D:7)
  4 orc priests
  4 iguanas
  8 orc wizards
  8 worker ants
  2 worker ant zombies
  Robin (D:2)
  6 gnolls
  7 adders
  A shadow imp (D:7)
  3 oozes
  3 worms
  4 dart slugs
  4 leopard geckos
  45 orcs
  2 ball pythons
  5 giant cockroaches
  20 goblins
  8 hobgoblins
  14 jackals
  7 kobolds
  6 quokkas
  6 bats
  5 frilled lizards
  A leopard gecko skeleton (D:4)
  A quokka zombie (D:7)
  7 rats
242 creatures vanquished.

Vanquished Creatures (others)
  2 slaves (D:6)
2 creatures vanquished.

Grand Total: 244 creatures vanquished

Notes
Turn   | Place    | Note
-------+----------+-------------------------------------------
     0 | D:1      | hawla the Minotaur Gladiator began the quest for the Orb.
     0 | D:1      | Reached XP level 1. HP: 18/18 MP: 0/0
   327 | D:1      | Reached XP level 2. HP: 25/25 MP: 1/1
   837 | D:1      | Reached XP level 3. HP: 28/30 MP: 2/2
  1342 | D:2      | Reached skill level 1 in Armour
  1387 | D:2      | Reached XP level 4. HP: 37/37 MP: 3/3
  2038 | D:2      | Noticed Robin
  2049 | D:2      | Killed Robin
  2442 | D:3      | Reached XP level 5. HP: 32/44 MP: 4/4
  2819 | D:3      | Reached skill level 1 in Short Blades
  3431 | D:4      | Gained mutation: You have a somewhat thin skeletal
                  | structure. (Dex +2, Stealth) [potion of mutation]
  3431 | D:4      | Gained mutation: You have a moderately thin skeletal
                  | structure. (Dex +4, Stealth+) [potion of mutation]
  3431 | D:4      | Gained mutation: You are robust. (+10% HP) [potion of
                  | mutation]
  3477 | D:4      | Found Antugam's General Store.
  3481 | D:4      | Reached skill level 1 in Stealth
  3568 | D:4      | Reached XP level 6. HP: 51/56 MP: 5/5
  3649 | D:4      | You fall into a shaft and drop 2 floors!
  3672 | D:6      | Reached skill level 5 in Dodging
  3802 | D:6      | Reached XP level 7. HP: 59/63 MP: 6/6
  3905 | D:6      | Found a shadowy altar of Dithmenos.
  4072 | D:6      | Noticed Pikel
  4115 | D:6      | Killed Pikel
  4115 | D:6      | Reached skill level 5 in Short Blades
  4115 | D:6      | Reached skill level 5 in Long Blades
  4115 | D:6      | Reached XP level 8. HP: 18/73 MP: 7/7
  4607 | D:6      | Reached skill level 5 in Fighting
  4624 | D:6      | Found Qorekon's Book Emporium.
  4871 | D:5      | Entered Level 5 of the Dungeon
  5300 | D:4      | Found a staircase to the Ecumenical Temple.
  5312 | Temple   | Entered the Ecumenical Temple
  5322 | Temple   | Became a worshipper of Gozag Ym Sagoz the Greedy
  6008 | D:5      | Found Piarikusok's Jewellery Boutique.
  6203 | D:5      | Found a runed translucent door.
  6465 | D:4      | Bought a +2 robe of cold resistance for 177 gold pieces
  7032 | D:5      | Reached XP level 9. HP: 78/81 MP: 8/8
  7244 | D:5      | Found a roughly hewn altar of Beogh.
  7433 | D:7      | Noticed Dowan
  7435 | D:7      | Noticed Duvessa
  7442 | D:7      | Killed Dowan
  7448 | D:7      | Killed Duvessa
  9565 | D:5      | Bought an uncursed ring of poison resistance for 220 gold
                  | pieces
  9735 | D:8      | Noticed a queen bee
  9739 | D:8      | Reached XP level 10. HP: 92/92 MP: 9/9
 10402 | D:9      | HP: 5/141 [orc priest/divine providence (13)]
 10402 | D:9      | Slain by a yak

Illustrated notes

Levels and vault maps discovered:
D:1:      mainiacjoe_arrival_reflecting_pool, layout_basic,
          minmay_misc_feat_columns
D:2:      layout_loops_cross, uniq_robin
D:3:      layout_basic
D:4:      layout_cave_pools, minmay_temple_entry_ruins, serial_shops, shop,
          first_ration, st_stairs_5
D:5:      layout_loops_corners, serial_shops, shop, lightli_church_of_beogh
D:6:      wander_river, layout_loops_ring, serial_shops, shop,
          grunt_dithmenos_smoke, uniq_pikel
D:7:      layout_cave_pods, uniq_duvessa
D:8:      layout_gridville, david_nohive_1, hangedman_decor_push,
          skrybe_limestone_x, hangedman_misty_isle
D:9:      layout_basic, nicolae_tso_carved_into_rock, okawaru_gym_becter,
          uniq_grum
Temple:   nicolae_temple_the_god_donut

Skill      XL: |  1  2  3  4  5  6  7  8  9 10 |
---------------+-------------------------------+-----
Long Blades    | 4 5 8 9 |  9.4
Dodging        | 4 5 7 8 9 |  9.9
Armour         | 1 2 3 4 |  4.6
Fighting       | 3 4 5 6 7 |  7.1
Short Blades   | 2 5 6 |  6.1
Stealth        | 1 2 3 |  3.6
Throwing       | 3 |  3.8

Action                   |  1- 3 |  4- 6 |  7- 9 | 10-12 || total
-------------------------+-------+-------+-------+-------++-------
Melee: Long sword        |    39 |       |       |       ||    39
       Headbutt          |    13 |    36 |    74 |    12 ||   135
       Dagger            |    25 |    65 |       |       ||    90
       Short sword       |       |   117 |   128 |     5 ||   250
       Falchion          |       |     8 |     8 |       ||    16
       Scimitar          |       |       |   149 |    53 ||   202
Throw: Throwing net      |       |     2 |     1 |       ||     3
       Boomerang         |       |       |    14 |     7 ||    21
       Javelin           |       |       |     8 |       ||     8
       Dart              |       |       |     4 |       ||     4
Evoke: Wand              |       |       |     1 |     2 ||     3
  Use: Scroll            |     2 |     9 |     7 |     5 ||    23
       Potion            |       |     1 |     9 |     7 ||    17
 Stab: Sleeping          |       |     1 |    13 |     1 ||    15
       Invisible         |       |       |     1 |       ||     1
       Distracted        |       |       |     3 |     3 ||     6
  Eat: Chunk             |     1 |     8 |     2 |       ||    11
       Ration            |       |       |     5 |     2 ||     7
Armor: Leather armour    |    19 |    41 |    27 |       ||    87
       Robe              |       |       |    21 |    12 ||    33
       Skin              |       |       |       |    18 ||    18
Dodge: Dodged            |    55 |   114 |   236 |    90 ||   495
       Rpst.: Long sword |    18 |       |       |       ||    18
       Falchion          |       |     2 |     1 |       ||     3
       Scimitar          |       |       |    43 |    23 ||    66
